TOP OF THE 1ST |
Virginia Beach Deuces batting - Pitching for Ottawa Nationals : RHP António Fabián
|
Pitching: RHP António Fabián
|
|
Batting: SHB Leo Szilard
|
0-0: Ball 1-0: Ball 2-0: Ball 3-0: Called Strike 3-1: Foul Ball, location: 2F 3-2: Base on Balls
|
Batting: RHB Luis Jelarde
|
0-0: Ball 1-0: Fly out, F7 (Line Drive, 7)
|
Batting: LHB Ramón Castro
|
0-0: Called Strike 0-1: Ball 1-1: Foul Ball, location: 2F 1-2: Ball 2-2: DOUBLE (Line Drive, 7LM) Leo Szilard to third Runner from 3rd tries for Home, SAFE, no throw
|
Batting: LHB Atílio Mansilhas
|
0-0: Called Strike 0-1: Swinging Strike 0-2: Foul Ball, location: 2F 0-2: Ball 1-2: Ball 2-2: Foul Ball, location: 2F 2-2: Strikes out swinging
|
Batting: RHB Andrew Crosby
|
0-0: Foul Ball, location: 2F 0-1: Called Strike 0-2: Ball 1-2: Strikes out swinging
|
Top of the 1st over - 1 run(s), 1 hit(s), 0 error(s), 1 left on base; Virginia Beach 1 - Ottawa 0 |
BOTTOM OF THE 1ST |
Ottawa Nationals batting - Pitching for Virginia Beach Deuces : RHP Bob Warford
|
Pitching: RHP Bob Warford
|
|
Batting: RHB Tomás Bermúdez
|
0-0: Called Strike 0-1: Called Strike 0-2: SINGLE (Groundball, 4) (infield hit)
|
Batting: RHB Miguel González
|
0-0: Called Strike 0-1: Swinging Strike 0-2: Ball 1-2: Ball 2-2: Foul Ball, location: 2F 2-2: Foul Ball, location: 2F 2-2: Grounds into double play, 6-4-3 (Groundball, 6)
|
Batting: RHB Ron Bernard
|
0-0: Ball 1-0: Ground out 5-3 (Groundball, 5)
|
Bottom of the 1st over - 0 run(s), 1 hit(s), 0 error(s), 0 left on base; Virginia Beach 1 - Ottawa 0 |
TOP OF THE 2ND |
Virginia Beach Deuces batting - Pitching for Ottawa Nationals : RHP António Fabián
|
Batting: SHB Carlos Pérez
|
0-0: Ball 1-0: Swinging Strike 1-1: SINGLE (Groundball, 34S) (infield hit)
|
Batting: RHB Jody Lemoine
|
0-0: SINGLE (Line Drive, 7S) Carlos Pérez to second
|
Batting: RHB Harry Freidricks
|
0-0: DOUBLE (Flyball, 89M) Carlos Pérez scores Jody Lemoine to third
|
Batting: RHB Rojo Nasution
|
0-0: Called Strike 0-1: Ball 1-1: Ball 2-1: Foul Ball, location: 2F 2-2: Foul Ball, location: 2F 2-2: Foul Ball, location: 2F 2-2: Foul Ball, location: 2F 2-2: Ball 3-2: Base on Balls
|
Batting: SHB Leo Szilard
|
0-0: SINGLE (Flyball, 8LS) Jody Lemoine scores Harry Freidricks to third Rojo Nasution to second Runner from 3rd tries for Home, SAFE, no throw
|
Batting: RHB Luis Jelarde
|
0-0: SINGLE (Line Drive, 6D) Rojo Nasution to third Leo Szilard to second Runner from 3rd tries for Home, SAFE, no throw
|
Batting: LHB Ramón Castro
|
0-0: Ball 1-0: Foul Ball, location: 2F 1-1: Ball 2-1: Ball 3-1: Fly out, F8 (Flyball, 8RS)
|
Batting: LHB Atílio Mansilhas
|
0-0: Ball 1-0: SINGLE (Flyball, 6MD) Leo Szilard to third Luis Jelarde to second Runner from 3rd tries for Home, SAFE, no throw
|
Batting: RHB Andrew Crosby
|
0-0: Called Strike 0-1: Swinging Strike 0-2: Strikes out looking
|
Batting: SHB Carlos Pérez
|
0-0: Foul Ball, location: 2F 0-1: Ball 1-1: Called Strike 1-2: Foul Ball, location: 2F 1-2: Foul Ball, location: 2F 1-2: Foul Ball, location: 2F 1-2: Ball 2-2: Ball 3-2: Foul Ball, location: 2F 3-2: Foul Ball, location: 2F 3-2: Base on Balls Luis Jelarde to third Atílio Mansilhas to second
|
Batting: RHB Jody Lemoine
|
0-0: Ball 1-0: Ball 2-0: Called Strike 2-1: Ball 3-1: Base on Balls Luis Jelarde scores Atílio Mansilhas to third Carlos Pérez to second
|
Batting: RHB Harry Freidricks
|
0-0: Ball 1-0: Foul Ball, location: 2F 1-1: Fielders Choice at 2nd, 6-4 (Groundball, 6)
|
Top of the 2nd over - 6 run(s), 6 hit(s), 0 error(s), 2 left on base; Virginia Beach 7 - Ottawa 0 |
BOTTOM OF THE 2ND |
Ottawa Nationals batting - Pitching for Virginia Beach Deuces : RHP Bob Warford
|
Batting: RHB Juan Román
|
0-0: Ball 1-0: Foul Ball, location: 2F 1-1: Called Strike 1-2: Ball 2-2: Foul Ball, location: 2F 2-2: Foul Ball, location: 2F 2-2: Foul Ball, location: 2F 2-2: Foul Ball, location: 2F 2-2: Foul Ball, location: 2F 2-2: Foul Ball, location: 2F 2-2: Ball 3-2: DOUBLE (Flyball, 78D)
|
Batting: LHB Ken Stroud
|
0-0: Ball 1-0: Swinging Strike 1-1: Ball 2-1: Ball 3-1: Base on Balls
|
Batting: RHB Ernest Daniels
|
0-0: Ball 1-0: Ball 2-0: Ball 3-0: Base on Balls Juan Román to third Ken Stroud to second
|
Batting: RHB Duane Wills
|
0-0: Ball 1-0: Fielders Choice at 2nd, 3-6 (Groundball, 34) Juan Román scores Ken Stroud to third
|
Batting: RHB Brandon Carroll
|
0-0: Ball 1-0: Called Strike 1-1: Ball 2-1: Ball 3-1: Base on Balls Duane Wills to second
|
Batting: LHB Jesús Mancía
|
0-0: Ball 1-0: Called Strike 1-1: Ball 2-1: Ball 3-1: Base on Balls Ken Stroud scores Duane Wills to third Brandon Carroll to second
|
Batting: RHB Tomás Bermúdez
|
0-0: Called Strike 0-1: Ball 1-1: Ball 2-1: Ball 3-1: Called Strike 3-2: Strikes out swinging
|
Batting: RHB Miguel González
|
0-0: Ball 1-0: Swinging Strike 1-1: Ball 2-1: Ball 3-1: Foul Ball, location: 2F 3-2: Strikes out swinging
|
Bottom of the 2nd over - 2 run(s), 1 hit(s), 0 error(s), 3 left on base; Virginia Beach 7 - Ottawa 2 |
TOP OF THE 3RD |
Virginia Beach Deuces batting - Pitching for Ottawa Nationals : RHP António Fabián
|
Batting: RHB Rojo Nasution
|
0-0: Ball 1-0: Foul Ball, location: 2F 1-1: DOUBLE (Line Drive, 7LM)
|
Batting: SHB Leo Szilard
|
0-0: Ball 1-0: Foul Ball, location: 2F 1-1: Fly out, F8 (Flyball, 8LS)
|
Batting: RHB Luis Jelarde
|
0-0: Fly out, F5 (Popup, 5S)
|
Batting: LHB Ramón Castro
|
0-0: Ball 1-0: Foul Ball, location: 2F 1-1: Ground out 4-3 (Groundball, 4S)
|
Top of the 3rd over - 0 run(s), 1 hit(s), 0 error(s), 1 left on base; Virginia Beach 7 - Ottawa 2 |
BOTTOM OF THE 3RD |
Ottawa Nationals batting - Pitching for Virginia Beach Deuces : RHP Bob Warford
|
Batting: RHB Ron Bernard
|
0-0: Called Strike 0-1: Ball 1-1: Ball 2-1: Fly out, F5 (Line Drive, 5)
|
Batting: RHB Juan Román
|
0-0: Called Strike 0-1: Ball 1-1: Fly out, F8 (Line Drive, 8LD)
|
Batting: LHB Ken Stroud
|
0-0: Called Strike 0-1: Ball 1-1: Called Strike 1-2: Foul Ball, location: 2F 1-2: Strikes out swinging
|
Bottom of the 3rd over - 0 run(s), 0 hit(s), 0 error(s), 0 left on base; Virginia Beach 7 - Ottawa 2 |
TOP OF THE 4TH |
Virginia Beach Deuces batting - Pitching for Ottawa Nationals : RHP António Fabián
|
Batting: LHB Atílio Mansilhas
|
0-0: Called Strike 0-1: Called Strike 0-2: Strikes out swinging
|
Batting: RHB Andrew Crosby
|
0-0: Called Strike 0-1: Ball 1-1: Ground out 6-3 (Groundball, 6)
|
Batting: SHB Carlos Pérez
|
0-0: Ball 1-0: Swinging Strike 1-1: SINGLE (Line Drive, 56)
|
Batting: RHB Jody Lemoine
|
0-0: Called Strike 0-1: Ball 1-1: Called Strike Carlos Pérez steals 2nd base 1-2: Foul Ball, location: 2F 1-2: SINGLE (Groundball, 3S) (infield hit) Carlos Pérez to third
|
Batting: RHB Harry Freidricks
|
0-0: Foul Ball, location: 2F 0-1: Ball 1-1: Swinging Strike 1-2: Ball 2-2: Foul Ball, location: 2F 2-2: Foul Ball, location: 2F 2-2: SINGLE (Groundball, 4MD) Carlos Pérez scores Jody Lemoine to second Runner from 2nd tries for 3rd, SAFE, no throw
|
Batting: RHB Rojo Nasution
|
0-0: Ball 1-0: Foul Ball, location: 2F 1-1: Foul Ball, location: 2F 1-2: Foul Ball, location: 2F 1-2: Ball 2-2: Fielders Choice at 2nd, 6-4 (Groundball, 6)
|
Top of the 4th over - 1 run(s), 3 hit(s), 0 error(s), 1 left on base; Virginia Beach 8 - Ottawa 2 |
BOTTOM OF THE 4TH |
Ottawa Nationals batting - Pitching for Virginia Beach Deuces : RHP Bob Warford
|
Batting: RHB Ernest Daniels
|
0-0: SINGLE (Line Drive, 6MD)
|
Batting: RHB Duane Wills
|
0-0: Ball 1-0: Ball 2-0: Ball 3-0: Called Strike 3-1: Foul Ball, location: 2F 3-2: SINGLE (Groundball, 34D) Ernest Daniels to second Runner from 2nd tries for 3rd, SAFE, throw made to third
|
Batting: RHB Brandon Carroll
|
0-0: Ball 1-0: Ball 2-0: SINGLE (Groundball, 34D) Ernest Daniels scores Duane Wills to second Runner from 2nd tries for 3rd, SAFE, no throw
|
Batting: LHB Jesús Mancía
|
0-0: Called Strike 0-1: Swinging Strike 0-2: Ball 1-2: Ball 2-2: Ball 3-2: Base on Balls Brandon Carroll to second
|
Pitching: RHP Ronaldo Baghina
|
|
Batting: RHB Tomás Bermúdez
|
0-0: Called Strike 0-1: SINGLE (Groundball, 5) (infield hit) Duane Wills scores Brandon Carroll to third Jesús Mancía to second
|
Batting: RHB Miguel González
|
0-0: Fly out, F4 (Popup, 4MD)
|
Batting: RHB Ron Bernard
|
0-0: Ball 1-0: Fly out, F7 (Line Drive, 78M) Runner from 3rd tags up, SCORES, throw made
|
Batting: RHB Juan Román
|
0-0: Ball 1-0: Called Strike 1-1: Ball 2-1: Called Strike 2-2: Ball 3-2: Strikes out swinging
|
Bottom of the 4th over - 3 run(s), 4 hit(s), 0 error(s), 2 left on base; Virginia Beach 8 - Ottawa 5 |
TOP OF THE 5TH |
Virginia Beach Deuces batting - Pitching for Ottawa Nationals : RHP António Fabián
|
Pitching: RHP Rafael Peralta
|
|
Batting: SHB Leo Szilard
|
0-0: Ball 1-0: Reached on error, E3 (Groundball, 34)
|
Batting: RHB Luis Jelarde
|
0-0: Fielders Choice at 2nd, 1-4 (Groundball, 15S)
|
Batting: LHB Ramón Castro
|
0-0: Swinging Strike 0-1: Called Strike 0-2: Ball 1-2: Foul Ball, location: 2F 1-2: Foul Ball, location: 2F 1-2: Foul Ball, location: 2F 1-2: Ball 2-2: Fly out, F6 (Line Drive, 6)
|
Batting: LHB Atílio Mansilhas
|
0-0: Called Strike 0-1: Swinging Strike 0-2: Ball 1-2: Ball 2-2: Ball 3-2: Foul Ball, location: 2F 3-2: DOUBLE (Groundball, 3L) Luis Jelarde to third Luis Jelarde scores
|
Batting: RHB Andrew Crosby
|
0-0: Swinging Strike 0-1: Ball 1-1: Ball 2-1: Foul Ball, location: 2F 2-2: Strikes out swinging
|
Top of the 5th over - 1 run(s), 1 hit(s), 1 error(s), 1 left on base; Virginia Beach 9 - Ottawa 5 |
BOTTOM OF THE 5TH |
Ottawa Nationals batting - Pitching for Virginia Beach Deuces : RHP Ronaldo Baghina
|
Batting: LHB Ken Stroud
|
0-0: Ball 1-0: Ball 2-0: Called Strike 2-1: Swinging Strike 2-2: Strikes out swinging
|
Batting: RHB Ernest Daniels
|
0-0: Ball 1-0: Foul Ball, location: 2F 1-1: Swinging Strike 1-2: Ball 2-2: Ball 3-2: Foul Ball, location: 2F 3-2: Base on Balls
|
Batting: RHB Duane Wills
|
0-0: Ball 1-0: Foul Ball, location: 2F 1-1: Grounds into double play, 6-4-3 (Groundball, 6)
|
Bottom of the 5th over - 0 run(s), 0 hit(s), 0 error(s), 0 left on base; Virginia Beach 9 - Ottawa 5 |
TOP OF THE 6TH |
Virginia Beach Deuces batting - Pitching for Ottawa Nationals : RHP Rafael Peralta
|
Batting: SHB Carlos Pérez
|
0-0: Foul Ball, location: 2F 0-1: Foul Ball, location: 2F 0-2: Ball 1-2: Strikes out swinging
|
Batting: RHB Jody Lemoine
|
0-0: Called Strike 0-1: Ball 1-1: Foul Ball, location: 2F 1-2: Strikes out swinging
|
Batting: RHB Harry Freidricks
|
0-0: Ball 1-0: Foul Ball, location: 2F 1-1: Called Strike 1-2: Foul Ball, location: 2F 1-2: Fly out, F6 (Line Drive, 56)
|
Top of the 6th over - 0 run(s), 0 hit(s), 0 error(s), 0 left on base; Virginia Beach 9 - Ottawa 5 |
BOTTOM OF THE 6TH |
Ottawa Nationals batting - Pitching for Virginia Beach Deuces : RHP Ronaldo Baghina
|
Batting: RHB Brandon Carroll
|
0-0: Ball 1-0: Foul Ball, location: 2F 1-1: SINGLE (Groundball, 2L) (infield hit)
|
Batting: LHB Jesús Mancía
|
0-0: Called Strike 0-1: Ball 1-1: Ball 2-1: Ground out 3-1 (Groundball, 34S) Brandon Carroll to second
|
Batting: RHB Tomás Bermúdez
|
0-0: Ball 1-0: Ball 2-0: Swinging Strike 2-1: Ball 3-1: Called Strike 3-2: Ground out 4-3 (Groundball, 4) Brandon Carroll to third
|
Batting: RHB Miguel González
|
0-0: Ball 1-0: Called Strike 1-1: Swinging Strike 1-2: Ball 2-2: Strikes out swinging
|
Bottom of the 6th over - 0 run(s), 1 hit(s), 0 error(s), 1 left on base; Virginia Beach 9 - Ottawa 5 |
TOP OF THE 7TH |
Virginia Beach Deuces batting - Pitching for Ottawa Nationals : RHP Rafael Peralta
|
Batting: RHB Rojo Nasution
|
0-0: Foul Ball, location: 2F 0-1: Called Strike 0-2: SINGLE (Groundball, 56D)
|
Pitching: RHP Geer Verwest
|
|
Batting: SHB Leo Szilard
|
0-0: Sac Bunt - play at first, batter OUT! 1-3 Rojo Nasution to second
|
Batting: RHB Luis Jelarde
|
0-0: Intentional Walk
|
Batting: LHB Ramón Castro
|
0-0: Grounds into double play, 4-6-3 (Groundball, 4M)
|
Top of the 7th over - 0 run(s), 1 hit(s), 0 error(s), 1 left on base; Virginia Beach 9 - Ottawa 5 |
BOTTOM OF THE 7TH |
Ottawa Nationals batting - Pitching for Virginia Beach Deuces : RHP Ronaldo Baghina
|
Batting: RHB Ron Bernard
|
0-0: Ball 1-0: Ball 2-0: Ball 3-0: Called Strike 3-1: Called Strike 3-2: Strikes out swinging
|
Batting: RHB Juan Román
|
0-0: Ball 1-0: Called Strike 1-1: Ball 2-1: Ground out 5-3 (Groundball, 56S)
|
Pitching: RHP Manuel Vázquez
|
|
Batting: LHB Ken Stroud
|
0-0: Ball 1-0: Foul Ball, location: 2F 1-1: Ball 2-1: Swinging Strike 2-2: Strikes out swinging
|
Bottom of the 7th over - 0 run(s), 0 hit(s), 0 error(s), 0 left on base; Virginia Beach 9 - Ottawa 5 |
TOP OF THE 8TH |
Virginia Beach Deuces batting - Pitching for Ottawa Nationals : RHP Geer Verwest
|
Batting: LHB Atílio Mansilhas
|
0-0: Swinging Strike 0-1: Called Strike 0-2: Ball 1-2: Foul Ball, location: 2F 1-2: Fly out, F6 (Popup, 56)
|
Batting: RHB Andrew Crosby
|
0-0: Ball 1-0: Ball 2-0: Swinging Strike 2-1: Foul Ball, location: 2F 2-2: Ball 3-2: Fly out, F2 (Popup, 25)
|
Batting: SHB Carlos Pérez
|
0-0: Called Strike 0-1: Foul Ball, location: 2F 0-2: Fly out, F4 (Popup, 34D)
|
Top of the 8th over - 0 run(s), 0 hit(s), 0 error(s), 0 left on base; Virginia Beach 9 - Ottawa 5 |
BOTTOM OF THE 8TH |
Ottawa Nationals batting - Pitching for Virginia Beach Deuces : RHP Manuel Vázquez
|
Batting: RHB Ernest Daniels
|
0-0: Ball 1-0: Ground out 4-3 (Groundball, 4)
|
Batting: RHB Duane Wills
|
0-0: Ball 1-0: Ball 2-0: TRIPLE (Line Drive, 78D)
|
Batting: RHB Brandon Carroll
|
0-0: Called Strike 0-1: Ground out 6-3 (Groundball, 56) Duane Wills scores
|
Batting: LHB Jesús Mancía
|
0-0: Called Strike 0-1: Ground out 4-3 (Groundball, 4)
|
Bottom of the 8th over - 1 run(s), 1 hit(s), 0 error(s), 0 left on base; Virginia Beach 9 - Ottawa 6 |
TOP OF THE 9TH |
Virginia Beach Deuces batting - Pitching for Ottawa Nationals : RHP Geer Verwest
|
Batting: RHB Jody Lemoine
|
0-0: Ball 1-0: Foul Ball, location: 2F 1-1: Foul Ball, location: 2F 1-2: Strikes out swinging
|
Batting: RHB Harry Freidricks
|
0-0: Called Strike 0-1: Called Strike 0-2: Ball 1-2: Strikes out swinging
|
Batting: RHB Rojo Nasution
|
0-0: Ball 1-0: Ball 2-0: Called Strike 2-1: Foul Ball, location: 2F 2-2: Ground out 4-3 (Groundball, 4S)
|
Top of the 9th over - 0 run(s), 0 hit(s), 0 error(s), 0 left on base; Virginia Beach 9 - Ottawa 6 |
BOTTOM OF THE 9TH |
Ottawa Nationals batting - Pitching for Virginia Beach Deuces : RHP Manuel Vázquez
|
Pitching: LHP Aurelio Ornelas
|
|
Now at C: Salvadaro Meireles
|
|
Batting: RHB Tomás Bermúdez
|
0-0: Foul Ball, location: 2F 0-1: SINGLE (Line Drive, 7LS)
|
Batting: RHB Miguel González
|
0-0: Called Strike 0-1: Ball 1-1: Ball 2-1: Swinging Strike 2-2: SINGLE (Groundball, 6MD) Tomás Bermúdez to second
|
Batting: RHB Ron Bernard
|
0-0: Foul Ball, location: 2F 0-1: Ball 1-1: SINGLE (Line Drive, 8RS) Tomás Bermúdez to third Miguel González to second Runner from 3rd tries for Home, SAFE, throw made at trailing runner, SAFE at third!
|
Batting: RHB Juan Román
|
0-0: Ball 1-0: Swinging Strike 1-1: Ball 2-1: Swinging Strike 2-2: Ball 3-2: Foul Ball, location: 2F 3-2: Base on Balls Ron Bernard to second
|
Pinch Hitting: RHB Michael Peterson
|
0-0: Foul Ball, location: 2F 0-1: Ball 1-1: Grounds into double play, 6-4-3 (Groundball, 6) Miguel González scores Ron Bernard to third
|
Batting: RHB Ernest Daniels
|
0-0: Ball 1-0: Ball 2-0: Foul Ball, location: 2F 2-1: Foul Ball, location: 2F 2-2: Foul Ball, location: 2F 2-2: Strikes out swinging
|
Bottom of the 9th over - 2 run(s), 3 hit(s), 0 error(s), 1 left on base; Virginia Beach 9 - Ottawa 8 |
|